Map: Newkirk Precinct TE (Void)

Players

Findail - Winner!

  • Race: Terran Terran
  • League: Gold
  • Spawn Location: 5:00

Fropez

  • Race: Protoss Protoss
  • League: Gold
  • Spawn Location: 7:00

VOD

Have the link to the VOD?

Description

Time

  • Played on: Jan. 12, 2017, 1:02 p.m.
  • Length: 8:36
Show
View Real Time Build Order
Export as new Build Order

Findail Terran - Winner!

Build Orders: MMM Bio 

Get SALT Encoding   

  12  0:02  SCV  
  13  0:14  SCV  
  14  0:19  Supply Depot  
  14  0:26  SCV  
  15  0:41  SCV  
  16  0:42  Barracks  
  16  0:47  Refinery  
  16  0:52  Refinery  
  16  0:55  SCV  
  17  1:07  SCV  
  18  1:19  SCV  
  19  1:30  Supply Depot  
  19  1:32  Orbital Command  
  19  1:35  Barracks Reactor  
  19  1:56  Factory  
  19  1:59  SCV  
  20  2:11  Marine, SCV  
  20  2:12  Marine  
  23  2:18  Supply Depot  
  23  2:23  SCV  
  23  2:29  Marine  
  25  2:30  Marine  
  25  2:35  SCV  
  27  2:39  Barracks  
  27  2:48  Starport  
  27  2:49  Marine x2  
  29  2:51  Factory Tech Lab  
  29  3:06  Marine  
  29  3:07  Marine  
  29  3:12  Siege Tank  
  34  3:18  Supply Depot  
  34  3:24  Marine  
  34  3:25  Marine  
  36  3:27  Starport Reactor  
  36  3:31  Barracks Tech Lab  
  36  3:42  Marine  
  36  3:43  Marine  
  36  3:44  Siege Tank  
  41  3:54  Marine  
  42  3:57  Combat Shields  
  42  4:00  Marine x2  
  44  4:09  Medivac  
  46  4:12  Marine  
  47  4:25  Marine x2, Medivac  
  47  4:26  Supply Depot  
  47  4:29  Marine  
  52  4:41  Siege Tank  
  55  4:48  Marine x3  
  58  4:55  Supply Depot  
  58  5:00  Medivac  
  58  5:05  Marine x3  
  63  5:15  Medivac  
  63  5:21  Stimpack  
  65  5:25  Marine  
  65  5:26  Marine  
  65  5:27  Marine  
  68  5:38  Medivac  
  70  5:43  Marine  
  70  5:45  Marine x2  
  73  6:01  Marine  
  74  6:36  Siege Tank  
  74  6:37  Medivac  
  79  7:07  Marine  
  79  7:11  Marine  
  79  7:17  Marine  
  79  7:18  Medivac  
  78  7:25  Marine  
  79  7:32  Marine  
  79  7:35  Marine  
  77  7:43  Marine  
  76  7:49  Orbital Command  
Show
View Real Time Build Order
Export as new Build Order

Fropez Protoss 

Build Orders: 1 Gate Expand 

Get SALT Encoding   

  12  0:01  Probe (Chrono Boost)  
  13  0:11  Probe (Chrono Boost)  
  14  0:20  Pylon  
  14  0:28  Probe (Chrono Boost)  
  15  0:39  Probe (Chrono Boost)  
  16  0:48  Gateway  
  17  0:50  Probe (Chrono Boost), Assimilator  
  18  1:10  Probe (Chrono Boost)  
  18  1:20  Nexus  
  18  1:22  Probe (Chrono Boost)  
  19  1:38  Cybernetics Core  
  19  1:48  Probe (Chrono Boost)  
  20  1:57  Pylon  
  20  1:59  Probe (Chrono Boost)  
  21  2:09  Probe (Chrono Boost)  
  22  2:20  Mothership Core (Chrono Boost)  
  22  2:21  Assimilator  
  24  2:23  Warp Gate  
  24  2:27  Pylon  
  24  2:28  Adept  
  26  2:37  Assimilator  
  26  2:39  Probe (Chrono Boost)  
  27  2:48  Pylon  
  27  2:54  Probe (Chrono Boost)  
  28  3:02  Probe (Chrono Boost)  
  31  3:07  Stalker  
  31  3:11  Probe (Chrono Boost)  
  32  3:16  Robotics Facility  
  32  3:17  Probe (Chrono Boost)  
  33  3:21  Probe (Chrono Boost)  
  34  3:28  Pylon  
  34  3:37  Stalker  
  38  3:44  Probe (Chrono Boost)  
  38  3:46  Probe (Chrono Boost)  
  38  3:57  Pylon  
  38  4:01  Gateway  
  38  4:02  Observer  
  39  4:15  Pylon  
  39  4:18  Pylon  
  39  4:26  Observer  
  39  4:28  Probe x2 (Chrono Boost)  
  43  4:40  Pylon, Probe (Chrono Boost)  
  43  4:41  Probe (Chrono Boost)  
  43  4:44  Warp Prism  
  46  4:55  Twilight Council, Stalker  
  49  5:00  Probe (Chrono Boost)  
  50  5:08  Probe (Chrono Boost)  
  50  5:11  Gateway  
  50  5:19  Resonating Glaives  
  50  5:27  Gateway  
  50  5:35  Gateway  
  50  5:36  Gateway  
  50  5:40  Assimilator  
  50  5:42  Probe (Chrono Boost)  
  51  5:54  Observer  
  52  6:04  Adept x2  
  58  6:12  Probe x2 (Chrono Boost)  
  58  6:28  Observer  
  58  6:31  Nexus  
  59  6:33  Pylon  
  59  6:37  Assimilator  
  59  6:39  Pylon  
  59  6:50  Adept x2  
  59  6:51  Adept x3  
  59  7:03  Immortal  
  54  7:20  Adept x2  
  58  7:26  Pylon  
  58  7:43  Immortal  
  56  7:51  Adept x3  
  58  8:23  Probe (Chrono Boost)  
  58  8:25  Probe (Chrono Boost)  
  46  8:29  Adept x3  
Tags
 
Composition
MMM Bio
League
GoldGold
Matchup
PvT
Replay Pack
All Mines
Spawn Locations
Close Positions
Add a new tag
Caveats
  • Supply blocks, unpowered buildings, or Contaminate may cause inaccurate times.
  • Supply counts are checked every 10 seconds.